TOP OF THE 1ST |
Williamsport Crosscutters batting - Pitching for Milwaukee (NYP) Brewers : RHP Settan Suzuki
|
Pitching: RHP Settan Suzuki
|
|
Batting: LHB Chris Moody
|
0-0: Ground out 6-3 (Groundball, 4MS, EV 66.2 MPH)
|
Batting: RHB Jason Ostrom
|
0-0: Foul Ball, location: 2F 0-1: Ball 1-1: Foul Ball, location: 2F 1-2: Ball 2-2: Foul Ball, location: 2F 2-2: Foul Ball, location: 2F 2-2: Foul Ball, location: 2F 2-2: Foul Ball, location: 2F 2-2: Ball 3-2: Base on Balls
|
Batting: RHB John Manocchio
|
0-0: Ball 1-0: Ball 2-0: Ball Jason Ostrom steals 2nd base (no throw) 3-0: Called Strike 3-1: Foul Ball, location: 2F 3-2: Foul Ball, location: 2F 3-2: Strikes out swinging
|
Batting: RHB Xavier Castellanos
|
0-0: Ball 1-0: Swinging Strike 1-1: Ball Passed Ball! Jason Ostrom to third 2-1: Fly out, F8 (Flyball, 8LM, EV 95.6 MPH)
|
Top of the 1st over - 0 runs, 0 hits, 0 errors, 1 left on base; Williamsport 0 - Milwaukee (NYP) 0 |
BOTTOM OF THE 1ST |
Milwaukee (NYP) Brewers batting - Pitching for Williamsport Crosscutters : LHP Drew Roemer
|
Pitching: LHP Drew Roemer
|
|
Batting: RHB Wiliama Dana
|
0-0: Ball 1-0: TRIPLE (Line Drive, 8LXD, EV 106.2 MPH)
|
Batting: RHB Alfredo Sena
|
0-0: Swinging Strike 0-1: Ground out 5-3 (Groundball, 56S, EV 73.8 MPH) Wiliama Dana scores
|
Batting: LHB Karel Hort
|
0-0: Ball 1-0: Ball 2-0: Ball 3-0: Called Strike 3-1: Base on Balls
|
Batting: RHB Tony Beaumond
|
0-0: Called Strike 0-1: SINGLE (Line Drive, 78S, EV 89.4 MPH) Karel Hort to second
|
Batting: SHB Robert Sayer
|
0-0: Ball 1-0: Fielders Choice at 2nd, 3-6 (Groundball, 3D, EV 91.9 MPH) Karel Hort to third
|
Batting: LHB Paul Collins
|
0-0: Ball 1-0: Foul Ball, location: 2F 1-1: Fly out, F9 (Flyball, 9D, EV 91.2 MPH)
|
Bottom of the 1st over - 1 run, 2 hits, 0 errors, 2 left on base; Williamsport 0 - Milwaukee (NYP) 1 |
TOP OF THE 2ND |
Williamsport Crosscutters batting - Pitching for Milwaukee (NYP) Brewers : RHP Settan Suzuki
|
Batting: RHB Shintaro Katsumata
|
0-0: Ball 1-0: Foul Ball, location: 2F 1-1: Ball 2-1: Ball 3-1: Base on Balls
|
Batting: RHB Jose Nunez
|
0-0: Ball 1-0: Ball 2-0: Foul Ball, location: 2F 2-1: Swinging Strike 2-2: Fly out, F7 (Flyball, 78M, EV 82.5 MPH)
|
Batting: RHB Pete Deschamps
|
0-0: Ball Shintaro Katsumata steals 2nd, throwing error, E2 Shintaro Katsumata to third 1-0: Fly out, F8 (Flyball, 89M, EV 95.6 MPH) Runner from 3rd tags up, SCORES, no throw by CF
|
Batting: RHB Nick Cottrell
|
0-0: Ball 1-0: Ball 2-0: SINGLE (Line Drive, 89S, EV 106.9 MPH)
|
Batting: RHB Leon Edwards
|
0-0: Ball 1-0: Called Strike 1-1: Foul Ball, location: 2F 1-2: Fly out, F8 (Flyball, 8LD, EV 105.6 MPH)
|
Top of the 2nd over - 1 run, 1 hit, 1 error, 1 left on base; Williamsport 1 - Milwaukee (NYP) 1 |
BOTTOM OF THE 2ND |
Milwaukee (NYP) Brewers batting - Pitching for Williamsport Crosscutters : LHP Drew Roemer
|
Batting: RHB Michael Dickerson
|
0-0: Swinging Strike 0-1: Called Strike 0-2: SINGLE (Line Drive, 6M, EV 97.5 MPH)
|
Batting: RHB Drew Forbess
|
0-0: Swinging Strike 0-1: Swinging Strike 0-2: Strikes out looking
|
Batting: RHB Justin Marino
|
0-0: Ball 1-0: Ground out 4-3 (Groundball, 34, EV 91.2 MPH) Michael Dickerson to second
|
Batting: RHB Wiliama Dana
|
0-0: Foul Ball, location: 2F 0-1: Swinging Strike 0-2: Strikes out swinging
|
Bottom of the 2nd over - 0 runs, 1 hit, 0 errors, 1 left on base; Williamsport 1 - Milwaukee (NYP) 1 |
TOP OF THE 3RD |
Williamsport Crosscutters batting - Pitching for Milwaukee (NYP) Brewers : RHP Settan Suzuki
|
Batting: LHB Chris Moody
|
0-0: Foul Ball, location: 2F 0-1: Ground out 4-3 (Groundball, 34, EV 111.2 MPH)
|
Batting: RHB Jason Ostrom
|
0-0: Ball 1-0: Ground out 5-3 (Groundball, 56, EV 89.4 MPH)
|
Batting: RHB John Manocchio
|
0-0: Fly out, F9 (Flyball, 9LS, EV 98.1 MPH)
|
Top of the 3rd over - 0 runs, 0 hits, 0 errors, 0 left on base; Williamsport 1 - Milwaukee (NYP) 1 |
BOTTOM OF THE 3RD |
Milwaukee (NYP) Brewers batting - Pitching for Williamsport Crosscutters : LHP Drew Roemer
|
Batting: RHB Alfredo Sena
|
0-0: Called Strike 0-1: Ball 1-1: Ball 2-1: Fly out, F7 (Flyball, 78M, EV 90.6 MPH)
|
Batting: LHB Karel Hort
|
0-0: Called Strike 0-1: Ball 1-1: SINGLE (Line Drive, 78S, EV 112.5 MPH)
|
Batting: RHB Tony Beaumond
|
0-0: Fly out, F8 (Flyball, 89D, EV 99.4 MPH)
|
Batting: SHB Robert Sayer
|
0-0: Foul Ball, location: 2F 0-1: Ball 1-1: Called Strike 1-2: Ball Wild Pitch! Karel Hort to second 2-2: Ground out 4-3 (Groundball, 34D, EV 83.1 MPH)
|
Bottom of the 3rd over - 0 runs, 1 hit, 0 errors, 1 left on base; Williamsport 1 - Milwaukee (NYP) 1 |
TOP OF THE 4TH |
Williamsport Crosscutters batting - Pitching for Milwaukee (NYP) Brewers : RHP Settan Suzuki
|
Batting: RHB Xavier Castellanos
|
0-0: Ball 1-0: Foul Ball, location: 2F 1-1: Fly out, F9 (Flyball, 89S, EV 83.1 MPH)
|
Batting: RHB Shintaro Katsumata
|
0-0: Reached on error, E5 (Groundball, 5L, EV 86.2 MPH)
|
Batting: RHB Jose Nunez
|
0-0: Ball 1-0: Foul Ball, location: 2F 1-1: Foul Ball, location: 2F 1-2: Foul Ball, location: 2F 1-2: Foul Ball, location: 2F 1-2: Foul Ball, location: 2F 1-2: Ball 2-2: DOUBLE (Groundball, 5L, EV 104.4 MPH) Shintaro Katsumata scores
|
Batting: RHB Pete Deschamps
|
0-0: Called Strike 0-1: Called Strike 0-2: Strikes out looking
|
Batting: RHB Nick Cottrell
|
0-0: Fly out, F8 (Flyball, 8RD, EV 106.9 MPH)
|
Top of the 4th over - 1 run, 1 hit, 1 error, 1 left on base; Williamsport 2 - Milwaukee (NYP) 1 |
BOTTOM OF THE 4TH |
Milwaukee (NYP) Brewers batting - Pitching for Williamsport Crosscutters : LHP Drew Roemer
|
Batting: LHB Paul Collins
|
0-0: Ball 1-0: Foul Ball, location: 2F 1-1: Foul Ball, location: 2F 1-2: Strikes out swinging
|
Batting: RHB Michael Dickerson
|
0-0: Ball 1-0: Foul Ball, location: 2F 1-1: Swinging Strike 1-2: SINGLE (Groundball, 4MD, EV 93.8 MPH)
|
Batting: RHB Drew Forbess
|
0-0: Foul Ball, location: 2F 0-1: Ball 1-1: Foul Ball, location: 2F 1-2: TRIPLE (Flyball, 78XD, EV 105.0 MPH) Michael Dickerson scores
|
Batting: RHB Justin Marino
|
0-0: Called Strike 0-1: Called Strike 0-2: Foul Ball, location: 2F 0-2: DOUBLE (Line Drive, 3D, EV 100.0 MPH) Drew Forbess scores
|
Batting: RHB Wiliama Dana
|
0-0: Called Strike 0-1: Ball 1-1: Ball 2-1: SINGLE (Flyball, 34D, EV 98.8 MPH) Justin Marino to third
|
Batting: RHB Alfredo Sena
|
0-0: Ball Wiliama Dana steals 2nd base 1-0: Called Strike 1-1: Foul Ball, location: 2F 1-2: Ball 2-2: Foul Ball, location: 2F 2-2: Strikes out looking
|
Batting: LHB Karel Hort
|
0-0: Called Strike 0-1: Foul Ball, location: 2F 0-2: Ball 1-2: Strikes out swinging
|
Bottom of the 4th over - 2 runs, 4 hits, 0 errors, 2 left on base; Williamsport 2 - Milwaukee (NYP) 3 |
TOP OF THE 5TH |
Williamsport Crosscutters batting - Pitching for Milwaukee (NYP) Brewers : RHP Settan Suzuki
|
Batting: RHB Leon Edwards
|
0-0: Called Strike 0-1: SINGLE (Groundball, 4MD, EV 100.6 MPH)
|
Batting: LHB Chris Moody
|
0-0: Called Strike 0-1: Called Strike 0-2: Ball 1-2: Foul Ball, location: 2F 1-2: Fielders Choice at 2nd, 6-4 (Groundball, 56, EV 86.9 MPH)
|
Batting: RHB Jason Ostrom
|
0-0: Ball 1-0: Called Strike 1-1: Called Strike 1-2: Ground out 5-3 (Groundball, 56, EV 88.1 MPH) Chris Moody to second
|
Batting: RHB John Manocchio
|
0-0: Called Strike 0-1: Called Strike 0-2: Ball 1-2: Foul Ball, location: 2F 1-2: Strikes out swinging
|
Top of the 5th over - 0 runs, 1 hit, 0 errors, 1 left on base; Williamsport 2 - Milwaukee (NYP) 3 |
BOTTOM OF THE 5TH |
Milwaukee (NYP) Brewers batting - Pitching for Williamsport Crosscutters : LHP Drew Roemer
|
Batting: RHB Tony Beaumond
|
0-0: Ball 1-0: Ball 2-0: Swinging Strike 2-1: Ball 3-1: Base on Balls
|
Batting: SHB Robert Sayer
|
0-0: Ball Tony Beaumond is caught stealing 2nd base 2-4 1-0: Ball 2-0: Foul Ball, location: 2F 2-1: Swinging Strike 2-2: Ball 3-2: Strikes out looking
|
Batting: LHB Paul Collins
|
0-0: Ball 1-0: Foul Ball, location: 2F 1-1: Called Strike 1-2: Ground out 6-3 (Groundball, 6, EV 86.9 MPH)
|
Bottom of the 5th over - 0 runs, 0 hits, 0 errors, 0 left on base; Williamsport 2 - Milwaukee (NYP) 3 |
TOP OF THE 6TH |
Williamsport Crosscutters batting - Pitching for Milwaukee (NYP) Brewers : RHP Settan Suzuki
|
Pitching: LHP Juan Gonzalez
|
|
Batting: RHB Xavier Castellanos
|
0-0: Fly out, F4 (Popup, 34S, EV 81.9 MPH)
|
Batting: RHB Shintaro Katsumata
|
0-0: Swinging Strike 0-1: Foul Ball, location: 2F 0-2: Strikes out looking
|
Batting: RHB Jose Nunez
|
0-0: Called Strike 0-1: Ball 1-1: Swinging Strike 1-2: Foul Ball, location: 2F 1-2: Foul Ball, location: 2F 1-2: Strikes out swinging
|
Top of the 6th over - 0 runs, 0 hits, 0 errors, 0 left on base; Williamsport 2 - Milwaukee (NYP) 3 |
BOTTOM OF THE 6TH |
Milwaukee (NYP) Brewers batting - Pitching for Williamsport Crosscutters : LHP Drew Roemer
|
Batting: RHB Michael Dickerson
|
0-0: SINGLE (Groundball, 6D, EV 99.4 MPH)
|
Batting: RHB Drew Forbess
|
0-0: Foul Ball, location: 2F 0-1: SINGLE (Groundball, 56D, EV 101.9 MPH) Michael Dickerson to second
|
Batting: RHB Justin Marino
|
0-0: Foul Ball, location: 2F 0-1: Swinging Strike 0-2: Strikes out looking
|
Batting: RHB Wiliama Dana
|
0-0: Foul Ball, location: 2F 0-1: Ball 1-1: Swinging Strike 1-2: Ball 2-2: Strikes out swinging
|
Pitching: RHP David Deon
|
|
Batting: RHB Alfredo Sena
|
0-0: Foul Ball, location: 2F 0-1: Called Strike 0-2: Strikes out swinging
|
Bottom of the 6th over - 0 runs, 2 hits, 0 errors, 2 left on base; Williamsport 2 - Milwaukee (NYP) 3 |
TOP OF THE 7TH |
Williamsport Crosscutters batting - Pitching for Milwaukee (NYP) Brewers : LHP Juan Gonzalez
|
Batting: RHB Pete Deschamps
|
0-0: Ground out 5-3 (Groundball, 56, EV 80.6 MPH)
|
Batting: RHB Nick Cottrell
|
0-0: Ball 1-0: Called Strike 1-1: Ball 2-1: Ball 3-1: Foul Ball, location: 2F 3-2: Ground out 1-3 (Groundball, 13S, EV 66.2 MPH)
|
Batting: RHB Leon Edwards
|
0-0: Ball 1-0: Called Strike 1-1: Foul Ball, location: 2F 1-2: Ground out 3-1 (Groundball, 34S, EV 80.6 MPH)
|
Top of the 7th over - 0 runs, 0 hits, 0 errors, 0 left on base; Williamsport 2 - Milwaukee (NYP) 3 |
BOTTOM OF THE 7TH |
Milwaukee (NYP) Brewers batting - Pitching for Williamsport Crosscutters : RHP David Deon
|
Batting: LHB Karel Hort
|
0-0: Ball 1-0: DOUBLE (Line Drive, 78M, EV 88.8 MPH)
|
Batting: RHB Tony Beaumond
|
0-0: Called Strike 0-1: Swinging Strike 0-2: Strikes out swinging
|
Batting: SHB Robert Sayer
|
0-0: Ground out 4-3 (Groundball, 13, EV 83.8 MPH) Karel Hort to third
|
Batting: LHB Paul Collins
|
0-0: Fly out, F9 (Flyball, 9, EV 86.2 MPH)
|
Bottom of the 7th over - 0 runs, 1 hit, 0 errors, 1 left on base; Williamsport 2 - Milwaukee (NYP) 3 |
TOP OF THE 8TH |
Williamsport Crosscutters batting - Pitching for Milwaukee (NYP) Brewers : LHP Juan Gonzalez
|
Batting: LHB Chris Moody
|
0-0: Ball 1-0: Ball 2-0: SINGLE (Groundball, 4MD, EV 97.5 MPH)
|
Batting: RHB Jason Ostrom
|
0-0: Bunt missed! 0-1: Ball 1-1: Bunt missed! 1-2: Foul Ball, location: 2F 1-2: Ball 2-2: Foul Ball, location: 2F 2-2: 2-RUN HOME RUN (Flyball, 78XD, EV 112.5 MPH), Distance : 424 ft
|
Batting: RHB John Manocchio
|
0-0: Ball 1-0: Ball 2-0: Called Strike 2-1: Called Strike 2-2: Strikes out swinging
|
Batting: RHB Xavier Castellanos
|
0-0: Foul Ball, location: 2F 0-1: Called Strike 0-2: Ball 1-2: Ball 2-2: Foul Ball, location: 2F 2-2: Foul Ball, location: 2F 2-2: Ball 3-2: Base on Balls
|
Batting: RHB Shintaro Katsumata
|
0-0: Called Strike 0-1: Foul Ball, location: 2F 0-2: Foul Ball, location: 2F 0-2: Foul Ball, location: 2F 0-2: Strikes out swinging
|
Batting: RHB Jose Nunez
|
0-0: Foul Ball, location: 2F 0-1: Ball 1-1: Ball 2-1: Ball 3-1: Base on Balls Xavier Castellanos to second
|
Batting: RHB Pete Deschamps
|
0-0: Foul Ball, location: 2F 0-1: Ball 1-1: Ball 2-1: Ball 3-1: Base on Balls Xavier Castellanos to third Jose Nunez to second
|
Pitching: RHP Bobby Primaticcio
|
|
Batting: RHB Nick Cottrell
|
0-0: Ball 1-0: Foul Ball, location: 2F 1-1: Foul Ball, location: 2F 1-2: Foul Ball, location: 2F 1-2: Ground out U3 (Groundball, 34, EV 83.8 MPH)
|
Top of the 8th over - 2 runs, 2 hits, 0 errors, 3 left on base; Williamsport 4 - Milwaukee (NYP) 3 |
BOTTOM OF THE 8TH |
Milwaukee (NYP) Brewers batting - Pitching for Williamsport Crosscutters : RHP David Deon
|
Batting: RHB Michael Dickerson
|
0-0: Fly out, F8 (Flyball, 8LS, EV 75.6 MPH)
|
Batting: RHB Drew Forbess
|
0-0: Ball 1-0: Ball 2-0: Called Strike 2-1: Fly out, F7 (Flyball, 7, EV 83.1 MPH)
|
Pinch Hitting: RHB Jonathan Sarles
|
0-0: Foul Ball, location: 2F 0-1: Foul Ball, location: 2F 0-2: Foul Ball, location: 2F 0-2: Foul Ball, location: 2F 0-2: Ball 1-2: Ground out 3-1 (Groundball, 34, EV 83.1 MPH)
|
Bottom of the 8th over - 0 runs, 0 hits, 0 errors, 0 left on base; Williamsport 4 - Milwaukee (NYP) 3 |
TOP OF THE 9TH |
Williamsport Crosscutters batting - Pitching for Milwaukee (NYP) Brewers : RHP Bobby Primaticcio
|
Now at 2B: Jonathan Sarles
|
|
Now at SS: Robert Sayer
|
|
Batting: RHB Leon Edwards
|
0-0: Ball 1-0: Ball 2-0: Ball 3-0: Base on Balls
|
Pitching: RHP Marquis Williams
|
|
Batting: LHB Chris Moody
|
0-0: Called Strike 0-1: Sac Bunt to 15 - play at first, batter OUT! 1-3 Leon Edwards to second
|
Batting: RHB Jason Ostrom
|
0-0: Called Strike 0-1: Ground out 5-3 (Groundball, 5, EV 104.4 MPH)
|
Batting: RHB John Manocchio
|
0-0: Intentional Walk
|
Batting: RHB Xavier Castellanos
|
0-0: Ball 1-0: Called Strike 1-1: Ball 2-1: Called Strike 2-2: Strikes out looking
|
Top of the 9th over - 0 runs, 0 hits, 0 errors, 2 left on base; Williamsport 4 - Milwaukee (NYP) 3 |
BOTTOM OF THE 9TH |
Milwaukee (NYP) Brewers batting - Pitching for Williamsport Crosscutters : RHP David Deon
|
Pitching: RHP Mike Schoening
|
|
Now at 2B: Nick Chandler
|
|
Now at SS: Leon Edwards
|
|
Batting: RHB Wiliama Dana
|
0-0: Ball 1-0: Ball 2-0: Foul Ball, location: 2F 2-1: Foul Ball, location: 2F 2-2: Hit by Pitch
|
Batting: RHB Alfredo Sena
|
0-0: Swinging Strike 0-1: Ball 1-1: Ball 2-1: Foul Ball, location: 2F 2-2: Fielders Choice at 2nd, 6-4 (Groundball, 6, EV 103.8 MPH)
|
Batting: LHB Karel Hort
|
0-0: Swinging Strike 0-1: Swinging Strike 0-2: Ball 1-2: Ball 2-2: Foul Ball, location: 2F 2-2: Foul Ball, location: 2F 2-2: Grounds into double play, 3-6-1 (Groundball, 3, EV 76.9 MPH)
|
Bottom of the 9th over - 0 runs, 0 hits, 0 errors, 0 left on base; Williamsport 4 - Milwaukee (NYP) 3 |
|